AoeStats
← Johnnyringo116

MegaRandom

504512104Analyzed
1v1 RM · 27d ago on Sep 5, 2026· 53m 13s· 2 players
Game mode
Random Map
Map size
Tiny (2 player)
Population
200
Speed
Normal
Resources
Standard
Victory
Conquest
Starting age
Dark Age
Ending age
Imperial Age
RankedLock teamsTeams togetherTeam positionsShared explorationLock speedFull tech treeHidden civsTurbo modeCheats
Victory
Defeat
🇹🇷 Bohemians · Türkiye
805
+15
🇺🇸 Gurjaras · United States
777
-18
Johnnyringo116
11:32 Feudal Age
12:03 Double-Bit Axe
12:04 Horse Collar
15:20 Fletching
15:42 Forging
16:54 Wheelbarrow
20:07 Castle Age
19:05 Padded Archer Armor
21:36 Leather Archer Armor
21:34 Thumb Ring
26:47 Bow Saw
32:36 Ballistics
32:17 Murder Holes
40:32 Crossbowman
42:04 Bloodlines
43:00 Hand Cart
43:07 Scale Barding Armor
44:21 Gold Mining
46:48 Iron Casting
46:35 Chain Barding Armor
49:57 Imperial Age
47:32 Stone Mining
Ernc
0:33 Loom
10:47 Feudal Age
12:06 Double-Bit Axe
14:11 Horse Collar
15:04 Town Watch
18:01 Castle Age
17:08 Padded Archer Armor
19:58 Scale Barding Armor
20:11 Bow Saw
20:08 Heavy Plow
21:07 Chain Barding Armor
20:52 Husbandry
22:15 Forging
25:11 Chemistry
24:32 Ballistics
25:16 Pikeman
27:13 Leather Archer Armor
29:22 Iron Casting
32:39 Wagenburg Tactics
45:43 Imperial Age
47:01 Conscription
47:27 Wheelbarrow
49:00 Hand Cart
49:04 Elite Hussite Wagon
52:56 Houfnice
Connection lost

Rejoining the realm…

Still unreachable

The connection could not be restored.

Session expired

The server has moved on; the page needs a fresh start.